2705 views
Uploaded 2019-12-14 21:48:23
Game version 1.32.0.4
26:39 long 3on3 ladder game on (6)ThunderLake_LV
Saved by BEARAND
2705 views
Uploaded 2019-12-14 21:48:23
Game version 1.32.0.4
26:39 long 3on3 ladder game on (6)ThunderLake_LV


/ 1.4k
54 buildings @ 8.6k
/ 3.8k


| Wisp | 32 | 1920 | / | 0 |
| Archer | 5 | 650 | / | 50 |
| Chimaera | 6 | 1980 | / | 420 |
| Hippogryph | 3 | 480 | / | 60 |
| Glaive Thrower | 6 | 1260 | / | 390 |
| total: | 52 | 6290g | / | 920w |
| Ancient Protector | 10 | 1350 | / | 800 |
| Altar of Elders | 1 | 180 | / | 50 |
| Moon Well | 7 | 1260 | / | 280 |
| Ancient of War | 1 | 150 | / | 60 |
| Hunter's Hall | 1 | 210 | / | 100 |
| Ancient of Wonders | 1 | 90 | / | 30 |
| Tree of Life | 3 | 1020 | / | 555 |
| Ancient of Lore | 1 | 155 | / | 145 |
| Ancient of Wind | 1 | 150 | / | 140 |
| Chimaera Roost | 2 | 280 | / | 380 |
| Tree of Ages | 1 | 320 | / | 180 |
| Tree of Eternity | 1 | 330 | / | 200 |
| total: | 28 | 4845g | / | 2540w |
| 0:03 | Wisp |
| 0:03 | Wisp |
| 0:06 | Wisp |
| 0:11 | Altar of Elders |
| 0:14 | Wisp |
| 0:21 | Moon Well |
| 0:23 | Wisp |
| 0:40 | Ancient of War |
| 0:42 | Wisp |
| 0:49 | Wisp |
| 1:04 | Wisp |
| 1:17 | Wisp |
| 1:32 | Moon Well |
| 1:34 | Wisp |
| 1:45 | Archer |
| 2:00 | Wisp |
| 2:05 | Wisp |
| 2:19 | Evasion |
| 2:27 | Archer |
| 2:27 | Archer |
| 2:44 | Tree of Ages |
| 2:58 | Archer |
| 3:19 | Archer |
| 3:28 | Hunter's Hall |
| 3:44 | Moon Well |
| 4:22 | Mana Burn |
| 4:37 | Ancient of Wonders |
| 4:38 | Strength of the Wild |
| 4:39 | Reinforced Hides |
| 4:53 | Tree of Life |
| 4:57 | Tree of Life |
| 5:23 | Mana Burn |
| 5:37 | Tree of Eternity |
| 5:42 | Ancient of Lore |
| 7:07 | Tree of Life |
| 7:13 | Ancient Protector |
| 8:25 | Improved Bows |
| 8:27 | Wisp |
| 8:27 | Wisp |
| 8:27 | Wisp |
| 8:28 | Wisp |
| 8:28 | Wisp |
| 8:36 | Evasion |
| 9:05 | Moon Well |
| 9:09 | Wisp |
| 9:09 | Wisp |
| 9:10 | Wisp |
| 9:10 | Wisp |
| 9:10 | Wisp |
| 9:19 | Trueshot Aura |
| 9:45 | Improved Strength of the Wild |
| 9:50 | Ancient Protector |
| 9:50 | Ancient Protector |
| 10:01 | Wisp |
| 10:01 | Wisp |
| 10:25 | Chimaera Roost |
| 10:58 | Ancient of Wind |
| 11:43 | Chimaera Roost |
| 11:54 | Corrosive Breath |
| 11:55 | Chimaera |
| 11:57 | Improved Reinforced Hides |
| 12:45 | Chimaera |
| 13:14 | Chimaera |
| 13:27 | Wisp |
| 13:27 | Wisp |
| 13:27 | Wisp |
| 13:31 | Chimaera |
| 13:35 | Hippogryph |
| 13:35 | Hippogryph |
| 14:06 | Hippogryph |
| 14:30 | Moon Well |
| 14:32 | Moon Well |
| 14:32 | Moon Well |
| 15:02 | Ancient Protector |
| 15:03 | Wisp |
| 15:03 | Wisp |
| 15:59 | Glaive Thrower |
| 16:00 | Vorpal Blades |
| 16:28 | Ancient Protector |
| 16:32 | Wisp |
| 16:33 | Wisp |
| 16:33 | Wisp |
| 17:12 | Glaive Thrower |
| 17:27 | Glaive Thrower |
| 17:33 | Glaive Thrower |
| 19:04 | Ancient Protector |
| 19:06 | Glaive Thrower |
| 19:06 | Glaive Thrower |
| 19:08 | Chimaera |
| 19:08 | Chimaera |
| 21:00 | Searing Arrows |
| 21:39 | Ancient Protector |
| 21:39 | Ancient Protector |
| 21:40 | Ancient Protector |
| 21:41 | Ancient Protector |
| Right click | 1024 |
| Select | 389 |
| Chat | 315 |
| Build/train/purchase | 73 |
| Select group | 44 |
| Assign group | 29 |
| Use ability | 18 |
| Minimap ping | 8 |
| Item give/drop | 4 |
| Remove unit | 2 |
| Misc. action | 1 |

| Peasant | 16 | 1200 | / | 0 |
| Footman | 6 | 810 | / | 0 |
| Rifleman | 11 | 2255 | / | 330 |
| total: | 33 | 4265g | / | 330w |
| Altar of Kings | 1 | 180 | / | 50 |
| Farm | 9 | 720 | / | 180 |
| Barracks | 1 | 160 | / | 60 |
| Blacksmith | 1 | 140 | / | 60 |
| Lumber Mill | 1 | 120 | / | 0 |
| Town Hall | 1 | 385 | / | 205 |
| Keep | 1 | 320 | / | 210 |
| Castle | 1 | 360 | / | 210 |
| total: | 14 | 1705g | / | 555w |
| 0:03 | Peasant |
| 0:08 | Altar of Kings |
| 0:11 | Peasant |
| 0:20 | Farm |
| 0:25 | Peasant |
| 0:49 | Farm |
| 0:53 | Barracks |
| 0:56 | Peasant |
| 1:09 | Peasant |
| 1:21 | Peasant |
| 1:27 | Farm |
| 1:35 | Peasant |
| 1:59 | Footman |
| 2:02 | Peasant |
| 2:08 | Blacksmith |
| 2:12 | Peasant |
| 2:15 | Farm |
| 2:18 | Footman |
| 2:26 | Summon Water Elemental |
| 2:35 | Peasant |
| 2:37 | Footman |
| 2:53 | Footman |
| 2:58 | Peasant |
| 3:21 | Rifleman |
| 3:28 | Black Gunpowder |
| 3:52 | Rifleman |
| 3:56 | Peasant |
| 4:21 | Farm |
| 5:04 | Rifleman |
| 5:07 | Peasant |
| 5:10 | Farm |
| 5:14 | Studded Leather Armor |
| 5:44 | Farm |
| 6:03 | Blizzard |
| 6:26 | Rifleman |
| 6:26 | Rifleman |
| 6:28 | Peasant |
| 6:28 | Peasant |
| 6:30 | Farm |
| 7:21 | Rifleman |
| 7:23 | Peasant |
| 7:33 | Lumber Mill |
| 8:27 | Rifleman |
| 8:27 | Rifleman |
| 8:27 | Rifleman |
| 9:21 | Farm |
| 10:04 | Footman |
| 10:09 | Keep |
| 11:51 | Rifleman |
| 11:52 | Footman |
| 11:53 | Defend |
| 12:01 | Improved Masonry |
| 12:46 | Refined Gunpowder |
| 12:48 | Rifleman |
| 12:51 | Reinforced Leather Armor |
| 13:28 | Town Hall |
| 13:49 | Castle |
| 14:03 | Blizzard |
| Right click | 286 |
| Select | 171 |
| Build/train/purchase | 49 |
| Misc. action | 28 |
| Use ability | 2 |
| Assign group | 1 |
| Esc | 1 |


| Peon | 10 | 750 | / | 0 |
| Troll Headhunter | 10 | 1400 | / | 200 |
| total: | 20 | 2150g | / | 200w |
| Altar of Storms | 1 | 180 | / | 50 |
| Orc Burrow | 6 | 960 | / | 240 |
| Barracks | 2 | 360 | / | 100 |
| War Mill | 1 | 205 | / | 0 |
| Spirit Lodge | 2 | 300 | / | 300 |
| Stronghold | 1 | 315 | / | 190 |
| Fortress | 1 | 325 | / | 190 |
| total: | 12 | 2005g | / | 690w |
| 0:17 | Altar of Storms |
| 0:19 | Peon |
| 0:19 | Peon |
| 0:29 | Orc Burrow |
| 0:41 | Barracks |
| 0:47 | Peon |
| 1:17 | War Mill |
| 1:21 | Peon |
| 2:01 | Peon |
| 2:02 | Peon |
| 2:17 | Orc Burrow |
| 2:24 | Barracks |
| 2:31 | Healing Wave |
| 2:35 | Troll Headhunter |
| 2:35 | Troll Headhunter |
| 2:51 | Peon |
| 2:51 | Peon |
| 2:52 | Peon |
| 3:10 | Troll Headhunter |
| 3:34 | Troll Headhunter |
| 3:48 | Stronghold |
| 4:04 | Troll Headhunter |
| 4:58 | Orc Burrow |
| 5:00 | Troll Headhunter |
| 5:04 | Steel Ranged Weapons |
| 5:43 | Orc Burrow |
| 5:46 | Steel Armor |
| 6:00 | Serpent Ward |
| 6:12 | Troll Regeneration |
| 6:13 | Troll Headhunter |
| 6:35 | Troll Headhunter |
| 6:45 | Spirit Lodge |
| 8:00 | Spirit Lodge |
| 8:12 | Peon |
| 8:20 | Orc Burrow |
| 8:22 | Thorium Ranged Weapons |
| 9:37 | Healing Spray |
| 10:37 | Orc Burrow |
| 10:39 | Shaman Adept Training |
| 10:42 | Troll Headhunter |
| 10:44 | Fortress |
| 10:47 | Troll Headhunter |
| Right click | 186 |
| Select | 140 |
| Build/train/purchase | 34 |
| Use ability | 12 |
| Resource trade | 10 |
| Misc. action | 6 |
86 units @ 8.7k
/ 0.8k
222 buildings @ 14.3k
/ 7.9k
ChuckleMan
(103)
(26:38) : 

| Lesser Clarity Potion | 6 | 420 |
| Healing Salve | 3 | 300 |
| Scroll of Speed | 1 | 50 |
| Boots of Speed | 2 | 500 |
| Staff of Teleportation | 2 | 300 |
| Circlet of Nobility | 1 | 175 |
| Periapt of Vitality | 1 | 325 |
| Wand of Lightning Shield | 1 | 150 |
| Khadgar's Gem of Health | 1 | 600 |
| Orb of Darkness | 1 | 600 |
| Gloves of Haste | 1 | 125 |
| Claws of Attack +9 | 2 | 600 |
| total: | 22 | 4145g |
| Peon | 16 | 1200 | / | 0 |
| Troll Batrider | 11 | 1760 | / | 440 |
| Goblin Shredder | 1 | 375 | / | 100 |
| Goblin Zeppelin | 3 | 720 | / | 180 |
| total: | 31 | 4055g | / | 720w |
| Watch Tower | 22 | 2420 | / | 1760 |
| Altar of Storms | 1 | 180 | / | 50 |
| Orc Burrow | 4 | 640 | / | 160 |
| War Mill | 1 | 205 | / | 0 |
| Voodoo Lounge | 7 | 910 | / | 210 |
| Great Hall | 3 | 1155 | / | 555 |
| Beastiary | 4 | 580 | / | 560 |
| Stronghold | 1 | 315 | / | 190 |
| Fortress | 1 | 325 | / | 190 |
| total: | 42 | 6090g | / | 3295w |
| 0:05 | Peon |
| 0:05 | Peon |
| 0:09 | Altar of Storms |
| 0:15 | Orc Burrow |
| 0:22 | Peon |
| 0:45 | Peon |
| 0:53 | War Mill |
| 0:58 | Peon |
| 1:10 | Voodoo Lounge |
| 1:21 | Peon |
| 1:30 | Peon |
| 1:49 | Peon |
| 2:06 | Peon |
| 2:09 | Watch Tower |
| 2:12 | Watch Tower |
| 2:14 | Wind Walk |
| 2:16 | Lesser Clarity Potion |
| 2:16 | Lesser Clarity Potion |
| 2:16 | Healing Salve |
| 2:21 | Peon |
| 2:31 | Peon |
| 2:43 | Watch Tower |
| 3:12 | Stronghold |
| 3:21 | Orc Burrow |
| 3:34 | Watch Tower |
| 3:36 | Watch Tower |
| 4:01 | Watch Tower |
| 4:03 | Watch Tower |
| 4:20 | Critical Strike |
| 4:38 | Voodoo Lounge |
| 5:12 | Wand of Lightning Shield |
| 5:21 | Great Hall |
| 5:24 | Voodoo Lounge |
| 5:25 | Voodoo Lounge |
| 5:49 | Voodoo Lounge |
| 5:58 | Watch Tower |
| 6:00 | Watch Tower |
| 6:00 | Watch Tower |
| 6:01 | Watch Tower |
| 6:15 | Watch Tower |
| 6:41 | Boots of Speed |
| 6:58 | Peon |
| 6:59 | Peon |
| 7:17 | Fortress |
| 7:21 | Voodoo Lounge |
| 7:54 | Lesser Clarity Potion |
| 7:54 | Lesser Clarity Potion |
| 7:54 | Healing Salve |
| 7:57 | Scroll of Speed |
| 8:11 | Wind Walk |
| 8:23 | Staff of Teleportation |
| 8:28 | Boots of Speed |
| 8:32 | Hex |
| 8:51 | Lesser Clarity Potion |
| 8:51 | Healing Salve |
| 8:51 | Lesser Clarity Potion |
| 9:02 | Watch Tower |
| 9:06 | Watch Tower |
| 10:21 | Great Hall |
| 10:27 | Orc Burrow |
| 10:29 | Beastiary |
| 10:31 | Watch Tower |
| 10:32 | Watch Tower |
| 10:55 | Goblin Shredder |
| 11:08 | Healing Wave |
| 11:18 | Goblin Zeppelin |
| 11:52 | Watch Tower |
| 11:54 | Watch Tower |
| 11:56 | Watch Tower |
| 12:08 | Critical Strike |
| 12:21 | Reinforced Defenses |
| 12:22 | Troll Batrider |
| 12:28 | Orc Burrow |
| 13:00 | Watch Tower |
| 13:01 | Voodoo Lounge |
| 13:05 | Peon |
| 13:05 | Peon |
| 13:05 | Peon |
| 13:16 | Troll Batrider |
| 14:12 | Goblin Zeppelin |
| 14:56 | Watch Tower |
| 14:58 | Watch Tower |
| 15:52 | Hex |
| 16:23 | Troll Batrider |
| 16:23 | Troll Batrider |
| 16:23 | Troll Batrider |
| 16:23 | Troll Batrider |
| 16:54 | Goblin Zeppelin |
| 18:43 | Staff of Teleportation |
| 18:44 | Circlet of Nobility |
| 18:56 | Troll Batrider |
| 18:56 | Troll Batrider |
| 19:02 | Beastiary |
| 19:02 | Beastiary |
| 19:02 | Beastiary |
| 19:28 | Wind Walk |
| 20:08 | Khadgar's Gem of Health |
| 20:10 | Periapt of Vitality |
| 21:37 | Orb of Darkness |
| 21:44 | Gloves of Haste |
| 22:51 | Troll Batrider |
| 22:55 | Troll Batrider |
| 24:12 | Claws of Attack +9 |
| 24:25 | Claws of Attack +9 |
| 24:59 | Healing Wave |
| 25:04 | Bladestorm |
| 25:49 | Liquid Fire |
| 25:55 | Great Hall |
| 26:32 | Troll Batrider |
| Right click | 1184 |
| Select | 274 |
| Select group | 268 |
| Use ability | 127 |
| Build/train/purchase | 123 |
| Chat | 48 |
| Misc. action | 42 |
| Assign group | 26 |
| Resource trade | 22 |
| Item give/drop | 10 |
| Esc | 4 |
| Minimap ping | 2 |
BEARAND
(26:38) : 


x1)
x1)
| Staff of Sanctuary | 3 | 750 |
| Boots of Speed | 3 | 750 |
| Staff of Teleportation | 2 | 300 |
| Tome of Retraining | 2 | 600 |
| Periapt of Vitality | 2 | 650 |
| Circlet of Nobility | 1 | 175 |
| Healing Salve | 3 | 300 |
| Orb of Lightning | 2 | 750 |
| total: | 18 | 4275g |
| Peasant | 22 | 1650 | / | 0 |
| Dragonhawk Rider | 4 | 800 | / | 120 |
| Priest | 1 | 135 | / | 10 |
| total: | 27 | 2585g | / | 130w |
| Scout Tower | 54 | 1620 | / | 1080 |
| Arcane Tower | 5 | 350 | / | 250 |
| Guard Tower | 20 | 1400 | / | 1000 |
| Altar of Kings | 1 | 180 | / | 50 |
| Farm | 5 | 400 | / | 100 |
| Lumber Mill | 1 | 120 | / | 0 |
| Town Hall | 1 | 385 | / | 205 |
| Arcane Vault | 2 | 260 | / | 60 |
| Blacksmith | 1 | 140 | / | 60 |
| Barracks | 1 | 160 | / | 60 |
| Arcane Sanctum | 2 | 300 | / | 280 |
| Gryphon Aviary | 1 | 140 | / | 150 |
| Keep | 1 | 320 | / | 210 |
| Castle | 1 | 360 | / | 210 |
| total: | 69 | 3705g | / | 2045w |
| 0:02 | Peasant |
| 0:09 | Altar of Kings |
| 0:10 | Peasant |
| 0:19 | Farm |
| 0:31 | Peasant |
| 0:42 | Farm |
| 0:47 | Peasant |
| 1:00 | Peasant |
| 1:04 | Lumber Mill |
| 1:13 | Scout Tower |
| 1:24 | Peasant |
| 1:24 | Peasant |
| 1:32 | Scout Tower |
| 1:35 | Peasant |
| 1:40 | Peasant |
| 1:42 | Arcane Tower |
| 1:45 | Scout Tower |
| 1:45 | Peasant |
| 2:08 | Guard Tower |
| 2:18 | Summon Water Elemental |
| 2:24 | Scout Tower |
| 2:25 | Peasant |
| 2:59 | Keep |
| 2:59 | Arcane Tower |
| 3:01 | Scout Tower |
| 3:25 | Guard Tower |
| 3:53 | Guard Tower |
| 3:54 | Scout Tower |
| 3:54 | Scout Tower |
| 3:59 | Farm |
| 4:48 | Brilliance Aura |
| 4:59 | Guard Tower |
| 5:15 | Town Hall |
| 5:19 | Scout Tower |
| 5:20 | Scout Tower |
| 5:21 | Scout Tower |
| 5:21 | Scout Tower |
| 5:45 | Boots of Speed |
| 5:45 | Staff of Teleportation |
| 5:51 | Arcane Tower |
| 5:54 | Peasant |
| 5:54 | Peasant |
| 5:57 | Peasant |
| 6:13 | Guard Tower |
| 6:20 | Scout Tower |
| 6:21 | Scout Tower |
| 6:21 | Scout Tower |
| 6:22 | Scout Tower |
| 6:34 | Scout Tower |
| 6:34 | Scout Tower |
| 6:35 | Scout Tower |
| 6:35 | Scout Tower |
| 6:35 | Scout Tower |
| 6:37 | Scout Tower |
| 6:38 | Scout Tower |
| 6:38 | Scout Tower |
| 6:39 | Storm Bolt |
| 7:12 | Arcane Sanctum |
| 7:16 | Guard Tower |
| 7:21 | Healing Salve |
| 7:23 | Guard Tower |
| 7:25 | Improved Masonry |
| 7:33 | Guard Tower |
| 7:54 | Guard Tower |
| 7:56 | Scout Tower |
| 7:57 | Scout Tower |
| 7:57 | Scout Tower |
| 7:58 | Scout Tower |
| 8:23 | Guard Tower |
| 8:23 | Peasant |
| 8:23 | Peasant |
| 8:24 | Peasant |
| 8:34 | Summon Water Elemental |
| 9:01 | Guard Tower |
| 9:03 | Advanced Masonry |
| 9:03 | Improved Lumber Harvesting |
| 9:09 | Peasant |
| 9:09 | Peasant |
| 9:11 | Scout Tower |
| 9:12 | Scout Tower |
| 9:12 | Scout Tower |
| 9:13 | Scout Tower |
| 9:13 | Scout Tower |
| 9:14 | Scout Tower |
| 9:14 | Scout Tower |
| 9:15 | Scout Tower |
| 9:20 | Healing Salve |
| 9:41 | Guard Tower |
| 10:18 | Castle |
| 10:22 | Guard Tower |
| 10:23 | Scout Tower |
| 10:24 | Scout Tower |
| 10:24 | Scout Tower |
| 10:24 | Scout Tower |
| 10:27 | Farm |
| 10:28 | Farm |
| 10:29 | Gryphon Aviary |
| 10:40 | Guard Tower |
| 11:04 | Guard Tower |
| 11:07 | Arcane Sanctum |
| 11:25 | Boots of Speed |
| 11:44 | Tome of Retraining |
| 11:44 | Retrain Hero |
| 11:45 | Periapt of Vitality |
| 11:56 | Arcane Vault |
| 11:58 | Arcane Vault |
| 12:07 | Bash |
| 12:51 | Guard Tower |
| 12:52 | Healing Salve |
| 12:53 | Orb of Lightning |
| 13:00 | Dragonhawk Rider |
| 13:00 | Dragonhawk Rider |
| 13:02 | Blacksmith |
| 13:25 | Scout Tower |
| 14:20 | Brilliance Aura |
| 14:42 | Holy Light |
| 14:46 | Guard Tower |
| 14:47 | Scout Tower |
| 14:48 | Scout Tower |
| 14:51 | Magic Sentry |
| 14:51 | Priest |
| 15:03 | Blizzard |
| 15:03 | Brilliance Aura |
| 15:03 | Blizzard |
| 15:08 | Boots of Speed |
| 15:08 | Staff of Teleportation |
| 15:09 | Periapt of Vitality |
| 15:10 | Circlet of Nobility |
| 15:27 | Brilliance Aura |
| 15:29 | Staff of Sanctuary |
| 15:38 | Arcane Tower |
| 15:48 | Staff of Sanctuary |
| 16:16 | Guard Tower |
| 16:17 | Peasant |
| 16:17 | Peasant |
| 16:17 | Peasant |
| 16:41 | Storm Bolt |
| 16:49 | Guard Tower |
| 17:52 | Iron Forged Swords |
| 17:52 | Studded Leather Armor |
| 18:02 | Barracks |
| 18:49 | Imbued Masonry |
| 18:53 | Advanced Lumber Harvesting |
| 19:07 | Animal War Training |
| 19:09 | Scout Tower |
| 19:09 | Scout Tower |
| 19:10 | Scout Tower |
| 19:10 | Scout Tower |
| 19:10 | Scout Tower |
| 19:11 | Scout Tower |
| 21:02 | Dragonhawk Rider |
| 21:24 | Steel Forged Swords |
| 21:24 | Reinforced Leather Armor |
| 21:34 | Guard Tower |
| 21:36 | Scout Tower |
| 21:37 | Scout Tower |
| 21:37 | Scout Tower |
| 21:38 | Scout Tower |
| 21:38 | Scout Tower |
| 21:39 | Scout Tower |
| 21:43 | Dragonhawk Rider |
| 21:44 | Cloud |
| 22:50 | Devotion Aura |
| 23:14 | Staff of Sanctuary |
| 24:19 | Tome of Retraining |
| 24:19 | Retrain Hero |
| 24:22 | Holy Light |
| 24:22 | Divine Shield |
| 24:33 | Brilliance Aura |
| 25:07 | Orb of Lightning |
| Right click | 2096 |
| Select | 680 |
| Build/train/purchase | 374 |
| Chat | 366 |
| Select group | 364 |
| Use ability | 84 |
| Assign group | 36 |
| Misc. action | 19 |
| Resource trade | 16 |
| Minimap ping | 8 |
| Esc | 4 |
| Item give/drop | 2 |



| Potion of Healing | 1 | 150 |
| Staff of Sanctuary | 3 | 750 |
| Staff of Teleportation | 2 | 300 |
| Healing Salve | 2 | 200 |
| Orb of Lightning | 1 | 375 |
| Amulet of Spell Shield | 1 | 600 |
| total: | 10 | 2375g |
| Peasant | 28 | 2100 | / | 0 |
| total: | 28 | 2100g | / | 0w |
| Scout Tower | 100 | 3000 | / | 2000 |
| Guard Tower | 43 | 3010 | / | 2150 |
| Arcane Tower | 6 | 420 | / | 300 |
| Altar of Kings | 1 | 180 | / | 50 |
| Farm | 5 | 400 | / | 100 |
| Lumber Mill | 1 | 120 | / | 0 |
| Town Hall | 1 | 385 | / | 205 |
| Arcane Vault | 2 | 260 | / | 60 |
| Arcane Sanctum | 1 | 150 | / | 140 |
| Keep | 1 | 320 | / | 210 |
| Castle | 1 | 360 | / | 210 |
| total: | 111 | 4495g | / | 2555w |
| 0:01 | Peasant |
| 0:06 | Altar of Kings |
| 0:15 | Peasant |
| 0:26 | Peasant |
| 0:32 | Farm |
| 0:38 | Peasant |
| 0:54 | Peasant |
| 1:07 | Lumber Mill |
| 1:09 | Peasant |
| 1:17 | Peasant |
| 1:35 | Peasant |
| 1:40 | Farm |
| 1:56 | Peasant |
| 2:03 | Scout Tower |
| 2:06 | Scout Tower |
| 2:24 | Blizzard |
| 2:26 | Peasant |
| 2:36 | Guard Tower |
| 2:37 | Scout Tower |
| 3:10 | Guard Tower |
| 3:13 | Scout Tower |
| 3:13 | Scout Tower |
| 3:14 | Peasant |
| 3:14 | Peasant |
| 3:19 | Town Hall |
| 3:23 | Peasant |
| 3:24 | Brilliance Aura |
| 3:40 | Peasant |
| 3:41 | Guard Tower |
| 3:44 | Farm |
| 3:53 | Scout Tower |
| 3:53 | Scout Tower |
| 3:55 | Scout Tower |
| 3:55 | Scout Tower |
| 4:30 | Guard Tower |
| 4:40 | Guard Tower |
| 4:41 | Peasant |
| 4:41 | Peasant |
| 4:52 | Peasant |
| 4:53 | Peasant |
| 4:58 | Healing Salve |
| 5:02 | Scout Tower |
| 5:03 | Scout Tower |
| 5:03 | Scout Tower |
| 5:04 | Scout Tower |
| 5:04 | Scout Tower |
| 5:31 | Arcane Tower |
| 5:32 | Arcane Tower |
| 5:34 | Scout Tower |
| 5:35 | Scout Tower |
| 5:36 | Scout Tower |
| 5:36 | Scout Tower |
| 5:42 | Scout Tower |
| 5:42 | Scout Tower |
| 5:43 | Scout Tower |
| 5:44 | Scout Tower |
| 5:45 | Guard Tower |
| 5:48 | Peasant |
| 5:49 | Peasant |
| 5:50 | Peasant |
| 5:50 | Peasant |
| 6:10 | Improved Masonry |
| 6:21 | Keep |
| 6:51 | Guard Tower |
| 6:53 | Scout Tower |
| 6:53 | Scout Tower |
| 6:53 | Scout Tower |
| 6:54 | Scout Tower |
| 7:06 | Scout Tower |
| 7:06 | Scout Tower |
| 7:07 | Scout Tower |
| 7:08 | Scout Tower |
| 7:34 | Peasant |
| 7:34 | Peasant |
| 7:36 | Guard Tower |
| 7:55 | Guard Tower |
| 8:29 | Guard Tower |
| 9:28 | Scout Tower |
| 9:29 | Scout Tower |
| 9:29 | Scout Tower |
| 9:29 | Scout Tower |
| 9:41 | Scout Tower |
| 9:41 | Scout Tower |
| 9:42 | Scout Tower |
| 9:43 | Scout Tower |
| 9:44 | Peasant |
| 9:44 | Peasant |
| 9:46 | Peasant |
| 10:19 | Scout Tower |
| 10:20 | Scout Tower |
| 10:20 | Scout Tower |
| 10:22 | Scout Tower |
| 10:25 | Advanced Masonry |
| 10:27 | Guard Tower |
| 10:40 | Castle |
| 10:52 | Guard Tower |
| 10:53 | Scout Tower |
| 10:54 | Scout Tower |
| 10:58 | Scout Tower |
| 10:58 | Scout Tower |
| 10:59 | Scout Tower |
| 10:59 | Scout Tower |
| 11:25 | Staff of Teleportation |
| 11:33 | Blizzard |
| 11:55 | Scout Tower |
| 11:56 | Scout Tower |
| 11:56 | Scout Tower |
| 11:57 | Scout Tower |
| 11:58 | Scout Tower |
| 11:58 | Scout Tower |
| 12:02 | Storm Bolt |
| 12:47 | Guard Tower |
| 12:54 | Potion of Healing |
| 12:54 | Orb of Lightning |
| 12:54 | Healing Salve |
| 13:00 | Guard Tower |
| 13:42 | Guard Tower |
| 13:44 | Scout Tower |
| 13:44 | Scout Tower |
| 13:45 | Scout Tower |
| 13:45 | Scout Tower |
| 14:13 | Bash |
| 14:35 | Guard Tower |
| 14:36 | Guard Tower |
| 14:38 | Scout Tower |
| 14:39 | Scout Tower |
| 14:39 | Scout Tower |
| 14:40 | Scout Tower |
| 14:57 | Scout Tower |
| 14:58 | Scout Tower |
| 14:58 | Scout Tower |
| 14:59 | Scout Tower |
| 15:07 | Imbued Masonry |
| 15:07 | Improved Lumber Harvesting |
| 15:09 | Guard Tower |
| 15:11 | Scout Tower |
| 15:12 | Scout Tower |
| 15:12 | Scout Tower |
| 15:13 | Scout Tower |
| 15:14 | Scout Tower |
| 15:15 | Scout Tower |
| 15:15 | Scout Tower |
| 15:15 | Scout Tower |
| 15:17 | Staff of Teleportation |
| 15:29 | Guard Tower |
| 15:37 | Guard Tower |
| 15:41 | Farm |
| 16:22 | Holy Light |
| 16:30 | Guard Tower |
| 17:16 | Amulet of Spell Shield |
| 17:35 | Guard Tower |
| 17:37 | Scout Tower |
| 17:38 | Scout Tower |
| 17:38 | Scout Tower |
| 17:39 | Scout Tower |
| 17:41 | Peasant |
| 18:24 | Arcane Vault |
| 18:24 | Arcane Vault |
| 18:30 | Guard Tower |
| 18:32 | Arcane Sanctum |
| 18:39 | Scout Tower |
| 18:39 | Scout Tower |
| 18:42 | Scout Tower |
| 18:42 | Scout Tower |
| 18:43 | Scout Tower |
| 18:47 | Advanced Lumber Harvesting |
| 18:57 | Scout Tower |
| 18:58 | Scout Tower |
| 19:00 | Scout Tower |
| 19:47 | Staff of Sanctuary |
| 19:51 | Staff of Sanctuary |
| 21:13 | Brilliance Aura |
| 21:19 | Farm |
| 21:30 | Guard Tower |
| 21:36 | Scout Tower |
| 21:36 | Scout Tower |
| 21:38 | Scout Tower |
| 21:38 | Scout Tower |
| 21:41 | Magic Sentry |
| 21:50 | Scout Tower |
| 21:51 | Scout Tower |
| 21:51 | Scout Tower |
| 21:52 | Scout Tower |
| 22:10 | Staff of Sanctuary |
| 22:35 | Guard Tower |
| 22:47 | Divine Shield |
| 23:09 | Guard Tower |
| 23:18 | Scout Tower |
| 23:19 | Scout Tower |
| 23:20 | Scout Tower |
| 23:32 | Scout Tower |
| 23:33 | Guard Tower |
| 23:46 | Scout Tower |
| 23:47 | Scout Tower |
| 24:19 | Guard Tower |
| 24:22 | Storm Bolt |
| 26:16 | Arcane Tower |
| Right click | 1549 |
| Select | 791 |
| Chat | 307 |
| Select group | 289 |
| Build/train/purchase | 146 |
| Assign group | 103 |
| Use ability | 61 |
| Minimap ping | 26 |
| Item give/drop | 4 |
| Misc. action | 1 |